General information
- name: BNet
- type: Ladder team game (AT/RT)
- host: Battle.net
- saver: ihaveafunystrat
map: FullScaleAssault
- players: 8
- length: 39:57
- speed: Fast
- version: 1.27 W3XP
- replay type: Public
» download(244 KB)
Players
team 1 (loser)

»
LemmeTry (
green | 54 APM | 2050 actions | 38:16)
6 Tauren Chieftain
3 Endurance Aura
2 War Stomp
1 Reincarnation
4 Shadow Hunter
2 Healing Wave
1 Hex
1 Serpent Ward
» actions
| Assign group hotkey | 36 | |
| Basic commands | 82 | |
| Build / train | 94 | |
| ESC pressed | 8 | |
| Enter build submenu | 26 | |
| Enter hero's abilities submenu | 12 | |
| Give item / drop item | 1 | |
| Remove unit from queue | 2 | |
| Right click | 771 | |
| Select / deselect | 342 | |
| Select group hotkey | 562 | |
| Use ability | 114 | |
2050 total
» units
| Peon | 14 | |
| Grunt | 5 | |
| Shaman | 13 | |
| Tauren | 8 | |
| Troll Witch Doctor | 9 | |
| Troll Batrider | 6 | |
55 total
» upgrades
| Armor | 3 | |
| Melee Weapons | 3 | |
| Shaman Training | 2 | |
| Reinforced Defenses | 1 | |
| Pulverize | 1 | |
| Witch Doctor Training | 2 | |
| Liquid Fire | 1 | |
13 total
» buildings
| Altar of Storms | 1 | |
| Orc Burrow | 8 | |
| Barracks | 1 | |
| Voodoo Lounge | 1 | |
| War Mill | 1 | |
| Stronghold | 1 | |
| Great Hall | 2 | |
| Spirit Lodge | 1 | |
| Fortress | 1 | |
| Watch Tower | 3 | |
| Tauren Totem | 2 | |
| Beastiary | 2 | |
24 total
» build order
00:09 Altar of Storms
00:10 Orc Burrow
00:49 Barracks
01:40 Voodoo Lounge
02:30 Orc Burrow
03:28 War Mill
04:24 Orc Burrow
05:27 Orc Burrow
05:29 Stronghold
05:48 Great Hall
06:25 Orc Burrow
07:18 Orc Burrow
07:50 Spirit Lodge
07:51 Fortress
08:34 Watch Tower
08:37 Watch Tower
08:43 Orc Burrow
09:43 Watch Tower
10:17 Tauren Totem
10:19 Tauren Totem
16:11 Orc Burrow
26:20 Beastiary
27:08 Great Hall
30:31 Beastiary
» items
| Healing Salve | 3 | |
| Potion of Mana | 2 | |
| Potion of Healing | 2 | |
| Orb of Lightning | 1 | |
| Lesser Clarity Potion | 2 | |
10 total

»
Firthu (
red | 49 APM | 1863 actions | 38:21)
8 Lich
3 Frost Nova
3 Dark Ritual
1 Death and Decay
1 Frost Armor
4 Firelord
2 Soul Burn
2 Summon Lava Spawn
» actions
| Basic commands | 18 | |
| Build / train | 87 | |
| Enter build submenu | 26 | |
| Enter hero's abilities submenu | 12 | |
| Give item / drop item | 1 | |
| Remove unit from queue | 2 | |
| Right click | 994 | |
| Select / deselect | 656 | |
| Use ability | 66 | |
1863 total
» units
| Acolyte | 18 | |
| Ghoul | 4 | |
| Crypt Fiend | 6 | |
| Goblin Zeppelin | 3 | |
| Frost Wyrm | 6 | |
| Goblin Shredder | 1 | |
| Gargoyle | 6 | |
44 total
» upgrades
| Web | 1 | |
| Creature Attack | 3 | |
| Creature Carapace | 3 | |
| Ghoul Frenzy | 1 | |
| Freezing Breath | 1 | |
| Burrow | 1 | |
| Stone Form | 1 | |
| Unholy Strength | 1 | |
12 total
» buildings
| Crypt | 2 | |
| Altar of Darkness | 1 | |
| Ziggurat | 10 | |
| Graveyard | 1 | |
| Nerubian Tower | 2 | |
| Tomb of Relics | 1 | |
| Halls of the Dead | 1 | |
| Sacrificial Pit | 1 | |
| Black Citadel | 2 | |
| Spirit Tower | 4 | |
| Boneyard | 2 | |
27 total
» build order
00:26 Crypt
00:38 Altar of Darkness
00:42 Ziggurat
01:26 Ziggurat
02:02 Graveyard
02:05 Nerubian Tower
02:15 Tomb of Relics
03:16 Halls of the Dead
04:21 Ziggurat
05:46 Sacrificial Pit
05:51 Ziggurat
08:56 Black Citadel
08:56 Black Citadel
08:58 Ziggurat
09:33 Ziggurat
09:53 Ziggurat
09:55 Ziggurat
09:57 Ziggurat
09:59 Ziggurat
10:30 Crypt
10:45 Spirit Tower
10:47 Nerubian Tower
10:49 Spirit Tower
10:50 Spirit Tower
11:27 Boneyard
11:38 Boneyard
15:01 Spirit Tower
» items
| Rod of Necromancy | 1 | |
| Boots of Speed | 1 | |
2 total
Q-Q (
purple | 43 APM | 1695 actions | 39:45)
8 Archmage
3 Summon Water Elemental
3 Brilliance Aura
1 Mass Teleport
1 Blizzard
» actions
| Assign group hotkey | 33 | |
| Basic commands | 206 | |
| Build / train | 89 | |
| Enter build submenu | 64 | |
| Enter hero's abilities submenu | 10 | |
| Give item / drop item | 6 | |
| Right click | 566 | |
| Select / deselect | 373 | |
| Select group hotkey | 189 | |
| Use ability | 159 | |
1695 total
» units
| Peasant | 12 | |
| Footman | 5 | |
| Goblin Shredder | 4 | |
| Gryphon Rider | 7 | |
| Goblin Zeppelin | 1 | |
| Goblin Sapper | 8 | |
37 total
» upgrades
| Masonry | 3 | |
| Storm Hammers | 1 | |
| Swords | 3 | |
| Armor | 4 | |
| Animal War Training | 1 | |
| Cloud | 1 | |
13 total
» buildings
| Altar of Kings | 1 | |
| Barracks | 1 | |
| Farm | 14 | |
| Scout Tower | 64 | |
| Keep | 1 | |
| Lumber Mill | 1 | |
| Arcane Tower | 1 | |
| Town Hall | 3 | |
| Castle | 1 | |
| Guard Tower | 16 | |
| Gryphon Aviary | 4 | |
| Blacksmith | 2 | |
| Arcane Vault | 3 | |
112 total
» build order
00:37 Altar of Kings
00:38 Barracks
00:49 Farm
00:50 Farm
01:04 Farm
01:36 Farm
02:09 Scout Tower
03:33 Keep
03:36 Lumber Mill
03:41 Arcane Tower
04:30 Town Hall
05:33 Scout Tower
05:34 Scout Tower
05:35 Scout Tower
05:36 Scout Tower
05:57 Scout Tower
05:58 Scout Tower
05:58 Scout Tower
05:59 Scout Tower
06:01 Scout Tower
06:01 Scout Tower
06:03 Castle
06:51 Guard Tower
06:53 Guard Tower
07:11 Guard Tower
07:30 Scout Tower
07:32 Scout Tower
07:33 Scout Tower
08:03 Gryphon Aviary
08:04 Gryphon Aviary
08:04 Gryphon Aviary
08:05 Gryphon Aviary
08:32 Blacksmith
08:34 Blacksmith
08:37 Farm
08:41 Farm
09:08 Guard Tower
09:33 Farm
09:36 Arcane Vault
09:39 Arcane Vault
13:44 Scout Tower
13:44 Scout Tower
13:45 Scout Tower
13:45 Scout Tower
13:45 Scout Tower
13:48 Scout Tower
13:48 Scout Tower
13:48 Scout Tower
13:48 Scout Tower
13:49 Scout Tower
14:13 Guard Tower
14:14 Guard Tower
16:20 Guard Tower
18:12 Town Hall
18:16 Scout Tower
18:16 Scout Tower
18:17 Scout Tower
18:17 Scout Tower
18:18 Scout Tower
18:19 Scout Tower
18:19 Scout Tower
18:19 Scout Tower
18:20 Scout Tower
18:21 Scout Tower
18:21 Scout Tower
18:23 Arcane Vault
18:25 Scout Tower
18:26 Scout Tower
18:26 Scout Tower
18:27 Scout Tower
19:34 Guard Tower
19:49 Town Hall
20:23 Guard Tower
20:33 Farm
20:35 Farm
20:40 Farm
20:41 Farm
20:41 Farm
20:45 Farm
20:46 Farm
21:06 Scout Tower
21:06 Scout Tower
21:06 Scout Tower
21:07 Scout Tower
21:08 Scout Tower
21:08 Scout Tower
21:08 Scout Tower
21:10 Scout Tower
21:11 Scout Tower
21:41 Guard Tower
21:46 Guard Tower
21:54 Scout Tower
21:54 Scout Tower
21:54 Scout Tower
21:54 Scout Tower
21:55 Scout Tower
21:56 Scout Tower
21:57 Scout Tower
21:57 Scout Tower
21:57 Scout Tower
22:00 Scout Tower
22:01 Scout Tower
22:01 Scout Tower
22:02 Scout Tower
22:03 Scout Tower
22:03 Scout Tower
23:26 Guard Tower
23:30 Guard Tower
23:33 Guard Tower
23:53 Guard Tower
24:07 Guard Tower
» items
| Mechanical Critter | 2 | |
| Scroll of Regeneration | 1 | |
| Staff of Sanctuary | 1 | |
| Periapt of Vitality | 2 | |
| Scroll of Town Portal | 3 | |
| Staff of Teleportation | 1 | |
| Potion of Lesser Invulnerability | 1 | |
11 total
spike (
orange | 75 APM | 2461 actions | 32:48)
6 Keeper of the Grove
2 Entangling Roots
3 Thorns Aura
1 Tranquility
» actions
| Assign group hotkey | 35 | |
| Build / train | 80 | |
| Enter build submenu | 19 | |
| Enter hero's abilities submenu | 6 | |
| Remove unit from queue | 21 | |
| Right click | 1073 | |
| Select / deselect | 522 | |
| Select group hotkey | 596 | |
| Use ability | 109 | |
2461 total
» units
| Wisp | 12 | |
| Archer | 10 | |
| Dryad | -1 | |
| Druid of the Claw | 11 | |
| Goblin Zeppelin | 3 | |
35 total
» upgrades
| Strength of the Wild | 3 | |
| Reinforced Hides | 3 | |
| Abolish Magic | 1 | |
| Druid of the Claw Training | 2 | |
| Ultravision | 1 | |
| Mark of the Claw | 1 | |
| Well Spring | 1 | |
| Improved Bows | 1 | |
13 total
» buildings
| Altar of Elders | 1 | |
| Moon Well | 10 | |
| Ancient of War | 1 | |
| Tree of Ages | 1 | |
| Hunter's Hall | 1 | |
| Ancient of Lore | 2 | |
| Tree of Eternity | 2 | |
| Ancient of Wonders | 1 | |
19 total
» build order
00:10 Altar of Elders
00:13 Moon Well
00:52 Ancient of War
01:24 Moon Well
02:33 Moon Well
03:27 Tree of Ages
03:57 Hunter's Hall
04:27 Moon Well
05:41 Moon Well
06:04 Ancient of Lore
06:14 Ancient of Lore
06:54 Tree of Eternity
06:54 Tree of Eternity
07:04 Moon Well
08:31 Moon Well
09:30 Ancient of Wonders
13:16 Moon Well
13:19 Moon Well
21:17 Moon Well
team 2 (winner)
MONOCROMATICO (
pink | 100 APM | 1738 actions | 17:22)
4 Death Knight
2 Death Coil
1 Unholy Aura
1 Death Pact
3 Lich
2 Frost Nova
1 Frost Armor
1 Dreadlord
1 Sleep
» actions
| Assign group hotkey | 23 | |
| Basic commands | 32 | |
| Build / train | 48 | |
| ESC pressed | 1 | |
| Enter build submenu | 18 | |
| Enter hero's abilities submenu | 8 | |
| Give item / drop item | 3 | |
| Right click | 548 | |
| Select / deselect | 503 | |
| Select group hotkey | 507 | |
| Use ability | 46 | |
1738 total
» units
| Acolyte | 10 | |
| Ghoul | 3 | |
| Crypt Fiend | 9 | |
| Frost Wyrm | 5 | |
27 total
» upgrades
| Creature Attack | 2 | |
| Creature Carapace | 2 | |
| Web | 1 | |
| Freezing Breath | 1 | |
6 total
» buildings
| Graveyard | 1 | |
| Crypt | 1 | |
| Altar of Darkness | 1 | |
| Ziggurat | 10 | |
| Tomb of Relics | 1 | |
| Halls of the Dead | 1 | |
| Black Citadel | 1 | |
| Sacrificial Pit | 1 | |
| Boneyard | 2 | |
19 total
» build order
00:11 Graveyard
00:14 Crypt
00:43 Altar of Darkness
01:01 Ziggurat
01:41 Tomb of Relics
02:02 Ziggurat
04:04 Halls of the Dead
04:56 Ziggurat
05:42 Ziggurat
06:51 Ziggurat
07:53 Black Citadel
09:37 Sacrificial Pit
10:55 Boneyard
11:07 Ziggurat
11:08 Ziggurat
11:08 Ziggurat
11:27 Ziggurat
11:28 Ziggurat
12:21 Boneyard
» items
| Rod of Necromancy | 1 | |
| Scroll of Town Portal | 1 | |
2 total
mulan2004 (
teal | 62 APM | 1081 actions | 17:26)
3 Priestess of the Moon
1 Searing Arrows
2 Trueshot Aura
» actions
| Assign group hotkey | 165 | |
| Basic commands | 214 | |
| Build / train | 65 | |
| ESC pressed | 4 | |
| Enter build submenu | 19 | |
| Enter hero's abilities submenu | 3 | |
| Give item / drop item | 1 | |
| Right click | 115 | |
| Select / deselect | 169 | |
| Select group hotkey | 277 | |
| Use ability | 48 | |
1081 total
» units
| Wisp | 22 | |
| Huntress | 10 | |
| Goblin Shredder | 2 | |
| Blue Drake | 1 | |
| Blue Dragon Whelp | 1 | |
| Chimaera | 9 | |
45 total
» upgrades
| Sentinel | 1 | |
| Strength of the Wild | 2 | |
| Well Spring | 1 | |
| Reinforced Hides | 1 | |
| Corrosive Breath | 1 | |
6 total
» buildings
| Altar of Elders | 1 | |
| Moon Well | 8 | |
| Hunter's Hall | 1 | |
| Ancient of War | 2 | |
| Tree of Life | 1 | |
| Ancient of Wonders | 1 | |
| Tree of Ages | 1 | |
| Tree of Eternity | 1 | |
| Ancient of Wind | 1 | |
| Chimaera Roost | 3 | |
20 total
» build order
00:07 Altar of Elders
00:27 Moon Well
01:22 Moon Well
01:35 Moon Well
02:35 Hunter's Hall
02:46 Ancient of War
03:47 Tree of Life
04:07 Moon Well
04:21 Ancient of War
05:08 Moon Well
06:07 Ancient of Wonders
07:00 Tree of Ages
07:10 Moon Well
08:12 Moon Well
09:40 Tree of Eternity
09:43 Ancient of Wind
12:21 Chimaera Roost
12:24 Chimaera Roost
12:26 Chimaera Roost
13:01 Moon Well
» items
| Scroll of Healing | 1 | |
| Dust of Appearance | 1 | |
| Scroll of Town Portal | 3 | |
| Potion of Healing | 2 | |
7 total

»
rodrigo01 (
blue | 65 APM | 1134 actions | 17:24)
4 Blademaster
2 Wind Walk
2 Critical Strike
1 Shadow Hunter
1 Healing Wave
1 Tauren Chieftain
1 Endurance Aura
» actions
| Assign group hotkey | 27 | |
| Basic commands | 1 | |
| Build / train | 60 | |
| Enter build submenu | 26 | |
| Enter hero's abilities submenu | 6 | |
| Give item / drop item | 2 | |
| Remove unit from queue | 2 | |
| Right click | 532 | |
| Select / deselect | 214 | |
| Select group hotkey | 171 | |
| Use ability | 92 | |
1134 total
» units
| Peon | 12 | |
| Grunt | 5 | |
| Makrura Snapper | 1 | |
| Shaman | 4 | |
| Tauren | 5 | |
| Goblin Zeppelin | 1 | |
28 total
» upgrades
| Armor | 2 | |
| Melee Weapons | 2 | |
| Shaman Training | 2 | |
| Berserker Strength | 1 | |
7 total
» buildings
| Altar of Storms | 1 | |
| Orc Burrow | 6 | |
| Barracks | 1 | |
| War Mill | 1 | |
| Voodoo Lounge | 1 | |
| Watch Tower | 10 | |
| Stronghold | 1 | |
| Great Hall | 2 | |
| Spirit Lodge | 1 | |
| Fortress | 1 | |
| Tauren Totem | 4 | |
29 total
» build order
00:21 Altar of Storms
00:36 Orc Burrow
00:54 Barracks
01:38 War Mill
01:43 Orc Burrow
02:19 Voodoo Lounge
03:34 Watch Tower
04:03 Stronghold
05:03 Orc Burrow
05:13 Watch Tower
05:21 Watch Tower
05:22 Watch Tower
05:26 Watch Tower
06:08 Orc Burrow
06:51 Great Hall
07:17 Spirit Lodge
08:43 Fortress
10:59 Watch Tower
11:01 Watch Tower
11:03 Watch Tower
11:04 Watch Tower
11:05 Watch Tower
11:15 Tauren Totem
11:17 Tauren Totem
11:19 Tauren Totem
11:29 Tauren Totem
12:35 Orc Burrow
12:59 Orc Burrow
15:08 Great Hall
» items
| Healing Salve | 2 | |
| Lesser Clarity Potion | 3 | |
| Scroll of Speed | 2 | |
| Potion of Healing | 2 | |
| Scroll of Town Portal | 1 | |
| Orb of Lightning | 1 | |
11 total
ihaveafunystrat (
yellow | 87 APM | 3460 actions | 39:57)
6 Warden
3 Fan of Knives
3 Blink
» actions
| Assign group hotkey | 121 | |
| Basic commands | 42 | |
| Build / train | 176 | |
| ESC pressed | 15 | |
| Enter build submenu | 95 | |
| Enter hero's abilities submenu | 6 | |
| Give item / drop item | 5 | |
| Remove unit from queue | 17 | |
| Right click | 1392 | |
| Select / deselect | 464 | |
| Select group hotkey | 863 | |
| Use ability | 263 | |
3460 total
» units
| Wisp | 74 | |
| Archer | 2 | |
| Huntress | 5 | |
| Goblin Zeppelin | 10 | |
| Chimaera | 2 | |
| Hippogryph | 18 | |
| Glaive Thrower | 6 | |
117 total
» upgrades
| Strength of the Wild | 3 | |
| Reinforced Hides | 3 | |
| Nature's Blessing | 2 | |
| Well Spring | 1 | |
| Druid of the Claw Training | 2 | |
| Corrosive Breath | 1 | |
| Strength of the Moon | 2 | |
14 total
» buildings
| Moon Well | 12 | |
| Altar of Elders | 2 | |
| Ancient of War | 1 | |
| Hunter's Hall | 2 | |
| Tree of Ages | 8 | |
| Tree of Life | 3 | |
| Tree of Eternity | 5 | |
| Ancient of Wind | 3 | |
| Ancient Protector | 54 | |
| Ancient of Lore | 1 | |
| Chimaera Roost | 4 | |
| Watch Tower | 1 | |
96 total
» build order
00:11 Moon Well
01:15 Altar of Elders
01:17 Ancient of War
01:23 Moon Well
02:05 Hunter's Hall
02:34 Moon Well
04:07 Tree of Ages
04:07 Tree of Ages
04:07 Tree of Ages
05:16 Tree of Life
05:55 Moon Well
06:52 Tree of Eternity
07:38 Ancient of Wind
07:43 Ancient Protector
08:08 Ancient of Lore
10:13 Ancient Protector
10:14 Ancient Protector
10:15 Ancient Protector
11:37 Chimaera Roost
11:38 Chimaera Roost
13:20 Tree of Life
13:52 Moon Well
14:39 Ancient Protector
14:40 Ancient Protector
15:02 Ancient Protector
15:34 Ancient Protector
15:35 Ancient Protector
15:36 Ancient Protector
15:38 Ancient Protector
15:56 Ancient Protector
17:53 Ancient Protector
17:55 Ancient Protector
17:55 Ancient Protector
18:00 Ancient Protector
18:58 Ancient Protector
18:59 Ancient Protector
19:03 Ancient Protector
19:21 Ancient Protector
19:23 Ancient Protector
19:24 Ancient Protector
19:26 Ancient Protector
19:29 Ancient Protector
19:31 Watch Tower
19:34 Ancient Protector
19:35 Ancient Protector
19:37 Ancient Protector
19:47 Ancient Protector
19:48 Ancient Protector
19:49 Ancient Protector
19:56 Ancient Protector
19:57 Ancient Protector
19:58 Ancient Protector
19:59 Ancient Protector
20:13 Moon Well
20:14 Moon Well
21:11 Ancient Protector
21:12 Ancient Protector
21:13 Ancient Protector
21:15 Ancient Protector
21:16 Ancient Protector
21:17 Ancient Protector
23:05 Ancient Protector
23:06 Ancient Protector
23:23 Ancient Protector
24:19 Ancient Protector
24:20 Ancient Protector
24:21 Ancient Protector
26:26 Chimaera Roost
26:27 Chimaera Roost
26:28 Ancient of Wind
26:34 Ancient of Wind
26:38 Tree of Ages
26:38 Tree of Ages
26:38 Tree of Ages
26:39 Altar of Elders
26:45 Ancient Protector
26:46 Ancient Protector
31:04 Moon Well
31:09 Moon Well
33:26 Hunter's Hall
35:27 Tree of Eternity
35:27 Tree of Eternity
35:27 Tree of Eternity
35:28 Tree of Eternity
37:25 Tree of Life
37:27 Ancient Protector
37:29 Ancient Protector
37:30 Ancient Protector
37:32 Ancient Protector
37:34 Ancient Protector
37:37 Ancient Protector
37:52 Moon Well
38:08 Moon Well
38:21 Moon Well
» items
Chat log
(00:12 / All) Q-Q: I BELIEVE IN A THING CALLED LOVE
(00:13 / Allies) mulan2004: hi
(00:15 / All) Q-Q: I BELIEVE IN A THING CALLED LOVE
(00:25 / All) LemmeTry: just listen to the rhythym of my heart
(00:31 / All) Q-Q: don't remember the lyrics
(00:32 / Allies) mulan2004: help me creep blue
(00:33 / All) Q-Q: or who sings that
(00:42 / Allies) rodrigo01: ok
(00:51 / Allies) rodrigo01: ty
(00:54 / Allies) mulan2004: pls build a tower near my moons
(01:02 / Allies) rodrigo01: ok
(01:05 / Allies) mulan2004: good
(01:10 / All) LemmeTry: the darkness
(01:11 / Allies) rodrigo01: where, behind?
(01:21 / All) Q-Q: that was my second guess lawl
(01:29 / All) Q-Q: but I remember htey're terrible
(01:34 / All) LemmeTry: i gogled it
(01:43 / All) Q-Q: came out like year 2000 or something
(01:49 / All) LemmeTry: 200
(02:01 / Allies) mulan2004: potm huntress giant
(02:16 / Allies) mulan2004: omw
(03:00 / Allies) mulan2004: use moon to heal
(03:01 / Allies) mulan2004: b
(03:04 / All) LemmeTry: the music video is retarded
(03:08 / All) LemmeTry: watching now
(03:12 / All) Q-Q: lol
(03:37 / Allies) mulan2004: thx
(09:22 / Allies) rodrigo01: web?
(11:41 / Allies) mulan2004: i go chims
(12:09 / Allies) MONOCROMATICO: b
(12:17 / Allies) mulan2004: b
(13:32 / Allies) mulan2004: meet and go?
(13:42 / Allies) mulan2004: meet?
(13:56 / Allies) ihaveafunystrat: hit top
(14:02 / Allies) mulan2004: meet
(14:16 / Allies) mulan2004: yellow u have 5000
(14:19 / Allies) ihaveafunystrat: 5000 what?
(14:26 / Allies) mulan2004: share money
(14:28 / Allies) ihaveafunystrat: oh
(14:33 / Allies) ihaveafunystrat: well I was gonna go chims but you said you would so I'm confused
(14:36 / Allies) ihaveafunystrat: I only know how to make chims
(14:40 / Allies) mulan2004: oh
(14:49 / Allies) ihaveafunystrat: and I'm autistic so I didn't say anything
(14:51 / Allies) ihaveafunystrat: sorry
(15:45 / Allies) mulan2004: all tp
(16:00 / Allies) ihaveafunystrat: wood me?
(16:02 / Allies) rodrigo01: gg
(16:05 / Allies) mulan2004: yellow money to me
(16:11 / Allies) ihaveafunystrat: wood to me
(16:16 / Allies) ihaveafunystrat: gold for wood
(16:51 / Allies) mulan2004: yellow give us money
(16:54 / All) ihaveafunystrat: give me wood
(16:59 / All) ihaveafunystrat: if you want my money
(17:07 / All) ihaveafunystrat: money doesn't gorw on trees
(17:17 / Allies) mulan2004: yellow lol
(17:19 / Allies) MONOCROMATICO: use units idiot
(17:33 / All) ihaveafunystrat: why the fuck didn't they just give me wood
(17:41 / All) LemmeTry: ill give you wood
(17:47 / All) spike: LOL
(17:48 / All) ihaveafunystrat: no you won't you gay prick
(17:53 / All) LemmeTry: yes
(18:00 / All) LemmeTry: i will
(18:12 / All) ihaveafunystrat: go watch gay porn fag, I ain't here for your amusement
(18:14 / All) ihaveafunystrat: I have a funny strat
(18:16 / All) ihaveafunystrat: I'm gonna beat you
(18:19 / All) LemmeTry: and yes u r
(18:24 / All) LemmeTry: and no u arent
(18:30 / All) LemmeTry: gay strat?
(18:31 / All) ihaveafunystrat: yes I am, watch, I have a funny strat
(18:33 / All) LemmeTry: tauren and casters?
(18:46 / All) ihaveafunystrat: it's funny
(18:52 / All) ihaveafunystrat: I'll be laughing
(18:53 / All) ihaveafunystrat: but o won't
(18:54 / All) ihaveafunystrat: u
(18:57 / All) LemmeTry: o wont
(24:45 / All) ihaveafunystrat: shoo
(25:18 / All) spike: BIG BEARS
(26:01 / All) LemmeTry: HEY
(26:06 / All) LemmeTry: OW
(26:12 / All) ihaveafunystrat: I have another base
(26:14 / All) ihaveafunystrat: and a hidden army
(26:20 / All) ihaveafunystrat: but you have passed my first test
(28:40 / All) ihaveafunystrat: like my strat?
(28:48 / All) LemmeTry: its impeccable
(28:57 / All) ihaveafunystrat: I have hidden base
(28:58 / All) ihaveafunystrat: big army
(29:36 / All) LemmeTry: why waste time
(29:44 / All) ihaveafunystrat: I'm a winner, why, are you desperate?
(29:50 / All) ihaveafunystrat: do you think you lost? you seem scared, punk
(30:04 / All) LemmeTry: you are a winner but not this game. and no, im not desperate, im realistic
(30:24 / All) LemmeTry: true winners know how to lose
(30:30 / All) ihaveafunystrat: ok, leave gg
(32:07 / All) ihaveafunystrat: lol
(32:09 / All) ihaveafunystrat: desperate
(33:51 / All) Firthu: what a fucking waste of time
(33:54 / All) ihaveafunystrat: out
(34:24 / All) LemmeTry: yeah this is what happens when we let black people into the us
(34:28 / All) ihaveafunystrat: LOL
(34:30 / All) LemmeTry: they protest against trump
(34:41 / All) LemmeTry: and kill teamates
(34:41 / All) ihaveafunystrat: I'm not in the USA or black
(34:46 / All) LemmeTry: and blame whites
(34:50 / All) LemmeTry: not you
(34:51 / All) ihaveafunystrat: do you think you need to be on the US to play on the US East server
(34:54 / All) LemmeTry: purple nigger bitch
(35:04 / All) LemmeTry: protester
(35:09 / All) LemmeTry: wasting life
(36:02 / All) Q-Q: oh bother
(36:32 / All) ihaveafunystrat: I WIN
(36:33 / All) ihaveafunystrat: WOOOOOO
(36:34 / All) ihaveafunystrat: I DID IT
(38:04 / All) LemmeTry: no u arent
(38:11 / All) LemmeTry: no one is a proud black man
(38:12 / All) ihaveafunystrat: I WIN
(38:14 / All) ihaveafunystrat: WOOOOOOO
(38:15 / All) ihaveafunystrat: I WIN
(38:16 / All) ihaveafunystrat: WOOOOO
(38:31 / All) Q-Q: ally chat was not bad lol
(38:38 / All) Q-Q: let's stats in case there's an undefeatee
(38:41 / All) ihaveafunystrat: stats or your team lose? mine left fast
(38:42 / All) ihaveafunystrat: k
(38:47 / All) ihaveafunystrat: Teal 270-283
(38:52 / All) ihaveafunystrat: pink 182-15
(38:56 / All) ihaveafunystrat: blue 24-24
(38:59 / All) Q-Q: orange 0-3 didn't even try to expand I can BELEE DAT
(39:06 / All) Q-Q: 182-15?
(39:25 / All) ihaveafunystrat: not sure where I got that lawl
(39:30 / All) ihaveafunystrat: 182-185
(39:32 / All) ihaveafunystrat: forgot a digit
(39:41 / All) Q-Q: me team a lose hehe